 Dungeon Crawl Stone Soup version 0.31-a0-435-g2c6fae2916 (webtiles) character file.

Game seed: 17668608074890316591

77 Conn the Firebug (level 4, 0/27 HPs)
             Began as an Octopode Fire Elementalist on Aug 1, 2023.
             Slain by an orc
             ... wielding a +0 flail
              (1 damage)
             ... on level 3 of the Dungeon.
             The game lasted 00:04:43 (1855 turns).

Conn the Firebug (Octopode Fire Elementalist)       Turns: 1855, Time: 00:04:43

Health: 0/27       AC:  1    Str:  7    XL:     4   Next: 33%
Magic:  4/8        EV: 13    Int: 25    God:
Gold:   117        SH:  0    Dex: 12    Spells: 2/8 levels left

rFire   . . .        b - +1 dagger
rCold   . . .        (no shield)
rNeg    + . .        (helmet restricted)
rPois   .            (no amulet)
rElec   .            d - +6 ring of intelligence
rCorr   .            n - ring of positive energy
SInv    .            (no ring)
Will    .....        (no ring)
Stlth   ++           (no ring)
HPRegen 0.24/turn    (no ring)
MPRegen 0.11/turn    (no ring)
                     (no ring)

%: no passive effects
@: silenced
A: almost no armour, amphibious, 8 rings, camouflage 1, gelatinous body 1,
(nimble swimmer 1), tentacles
a: no special abilities


You were on level 3 of the Dungeon.
You visited 1 branch of the dungeon, and saw 3 of its levels.

You collected 117 gold pieces.

Inventory:

Hand Weapons
 b - a +1 dagger (weapon)
Jewellery
 d - a +6 ring of intelligence (left tentacle)
 e - a ring of willpower
 n - a ring of positive energy (right tentacle)
Scrolls
 c - 2 scrolls of blinking {unknown}
 l - a scroll of fear {unknown}
 m - a scroll of amnesia {unknown}
Potions
 a - a potion of magic


   Skills:
 + Level 0.1 Short Blades
 + Level 2.3 Dodging
 + Level 3.7 Stealth
 + Level 2.8 Spellcasting
 + Level 1.3 Conjurations
 + Level 3.7 Fire Magic


You had 2 spell levels left.
You knew the following spells:

 Your Spells              Type           Power      Damage    Failure   Level
a - Foxfire               Conj/Fire      64%        2x1d7     3%          1
b - Scorch                Fire           44%        2d6       3%          2
c - Inner Flame           Hex/Fire       12%        N/A       14%         3

Your spell library contained the following spells:

 Spells                   Type           Power      Damage    Failure   Level
 Volatile Blastmotes      Fire/Tloc      24%        2d12      14%         3
 Ozocubu's Armour         Ice            3%         N/A       30%         3
 Vhi's Electric Charge    Tloc/Air       6%         N/A       30%         3
 Flame Wave               Conj/Fire      16%        2d7       36%         4
 Arcjolt                  Conj/Air       3%         1d13      91%         5
 Metabolic Englaciation   Hex/Ice        1%         N/A       96%         5
 Simulacrum               Ice/Necr       1%         N/A       100%        6
 Maxwell's Capacitive Co  Air            1%         ∞         100%        8


Dungeon Overview and Level Annotations

Branches:
Dungeon (3/15)

Altars:


Innate Abilities, Weirdness & Mutations

You cannot wear most types of armour.
You are amphibious.
You can wear up to eight rings at the same time.
Your skin changes colour to match your surroundings (Stealth+).
Your rubbery body absorbs attacks. (AC +1, EV +1)
((You are camouflaged when in or above water. (Stealth+)))
You have tentacles for arms and can constrict up to eight enemies at once.


Message History

There is a stone staircase leading up here.
Casting: Foxfire (safe; 3% risk of failure)
Confirm with . or Enter, or press ? or * to list all spells.
Flames lash the orc.
The orc is heavily wounded.
The orc's fire resistance burns away.
The orc misses you. The orc hits you with a +0 dagger.
Unknown command.
Casting: Scorch (safe; 3% risk of failure)
Confirm with . or Enter, or press ? or * to list all spells.
Flames lash the orc.
The orc is almost dead.
The orc's fire resistance burns away.
The orc hits you with a +0 flail.
* * * LOW HITPOINT WARNING * * *
The orc hits you with a +0 dagger.
* * * LOW HITPOINT WARNING * * *
A ball python comes into view.
Okay, then.
Okay, then.
Unknown command.
Unknown command.
Casting: Scorch (safe; 3% risk of failure)
Confirm with . or Enter, or press ? or * to list all spells.
Okay, then.
Unknown command.
Unknown command.
Unknown command.
Okay, then.
As you read the scroll labelled IXUCAL JULALO, it crumbles to dust.
You feel aware of your surroundings.
You sensed 1 altar.
It was a scroll of revelation.
The adder barely misses you. The orc hits you with a +0 flail.
* * * LOW HITPOINT WARNING * * *
The orc hits you but does no damage.
Found an escape hatch in the floor.
As you read the scroll labelled TIALENIOMA, it crumbles to dust.
A profound silence engulfs you.
It was a scroll of silence.
The orc is no longer more vulnerable to fire.
The adder misses you. The orc hits you with a +0 flail.
You die...

*,* *,* *,,,,,,,*****
*#+######.###...,,,,**,,,
*.....###S###...,,,,**,,,
*.....###.###...,,,,**,,,
*.....###$###...,,,,**,,,
*........>......,,,,**,,,
*#+##.#.#..##...,,,,**,,,
#......oS..o...<,,,,,,,,
#>##...@†o.#.##*,,,,,,,,
#.##...o##.#.#.,,,,,,,,,
#.##.......#.#.***,,,**,
#.##....##.#.#.* ***,**,
#.##...........* *,,,,
#.##..#.##.#.##********,
#.##..#.#..#...,,,,,***,
#.##....##.####****,,,,,
*,***,****,************,


You could see an adder, 4 orcs and a ball python.

Vanquished Creatures
  3 adders (D:2)
  A worm (D:2)
  2 dart slugs
  An endoplasm (D:1)
  4 giant cockroaches
  A goblin (D:1)
  A hobgoblin (D:1)
  3 jackals (D:1)
  2 quokkas (D:1)
  2 ball pythons (D:1)
  4 bats (D:1)
  A frilled lizard (D:3)
  2 kobolds (D:1)
  5 rats
32 creatures vanquished.

Vanquished Creatures (collateral kills)
  An adder (D:2)
  An orc (D:2)
2 creatures vanquished.

Vanquished Creatures (others)
  34 foxfires
34 creatures vanquished.

Grand Total: 68 creatures vanquished

Notes
Turn   | Place    | Note
-------+----------+-------------------------------------------
     0 | D:1      | Conn the Octopode Fire Elementalist began the quest for the
                  | Orb.
     0 | D:1      | Reached XP level 1. HP: 11/11 MP: 3/3
   243 | D:1      | Reached XP level 2. HP: 16/17 MP: 5/5
   247 | D:1      | You fall into a shaft and drop 1 floor!
   363 | D:2      | Reached XP level 3. HP: 21/21 MP: 2/6
   819 | D:1      | Reached XP level 4. HP: 27/27 MP: 5/8
  1638 | D:2      | Found a faded altar of an unknown god.
  1836 | D:2      | Learned a level 2 spell: Scorch
  1840 | D:2      | Learned a level 3 spell: Inner Flame
  1854 | D:3      | HP: 1/27 [orc/+0 flail (4)]
  1855 | D:3      | Slain by an orc

Illustrated notes

Levels and vault maps discovered:
D:1:      shiori_arrival_maze, layout_loops_ring,
          chequers_serial_rivers_large_a, corexii_corridor_pit
D:2:      layout_basic, shapermc_ecumenical_altar_pompeii
D:3:      layout_basic, amcnicky_altar_gilded, serial_bayou_crossing,
          uniq_jessica

Skill      XL: |  1  2  3 |
---------------+----------+-----
Stealth        | 3 |  3.7
Short Blades   | |  0.1
Dodging        | |  2.3
Spellcasting   | |  2.8
Conjurations   | |  1.3
Fire Magic     | |  3.7

Action                     |  1- 3 |  4- 6 || total
---------------------------+-------+-------++-------
  Melee: Dagger            |    42 |    19 ||    61
         Constrict         |    12 |     4 ||    16
         Tentacles         |     7 |     2 ||     9
   Cast: Foxfire           |    20 |       ||    20
         Scorch            |       |     2 ||     2
    Use: Scroll            |       |     4 ||     4
         Potion            |       |     2 ||     2
   Stab: Sleeping          |     7 |     5 ||    12
 Armour: Skin              |     1 |     4 ||     5
  Dodge: Dodged            |    40 |    20 ||    60

Table legend: (Time is in decaauts)
 A = Elapsed time spent in this place.
 B = Non-inter-level travel time spent in this place.
 C = Inter-level travel time spent in this place.
 D = Time resting spent in this place.
 E = Time spent auto-exploring this place.
 F = Levels seen in this place.
 G = Mean time per level.
                   A        B        C        D        E       F      G
               +--------+--------+--------+--------+--------+-----+--------+
         Total |   1854 |   1821 |     33 |      0 |   1367 |   3 |  618.0 |
       Dungeon |   1854 |   1821 |     33 |      0 |   1367 |   3 |  618.0 |
               +--------+--------+--------+--------+--------+-----+--------+

Top non-repeatable levels by time:
     D:1: 996 daAuts
     D:2: 850 daAuts
     D:3: 7 daAuts
